 Dungeon Crawl Stone Soup version 0.31-a0-1009-g454b1f1e0a (webtiles) character file.

Game seed: 12336942590274513453

45 Avanven the Slasher (level 3, -1/29 HPs)
             Began as a Demigod Reaver on Nov 16, 2023.
             Shot with a sling bullet by a goblin (6 damage)
             ... on level 2 of the Dungeon.
             The game lasted 00:01:22 (1192 turns).

Avanven the Slasher (Demigod Reaver)                Turns: 1192, Time: 00:01:23

Health: -1/29      AC:  4    Str: 13    XL:     3   Next: 25%
Magic:  8/8        EV: 11    Int: 19    God:
Gold:   72         SH:  0    Dex: 12    Spells: 4/5 levels left

rFire   . . .        a - +0 falchion
rCold   . . .        (no shield)
rNeg    . . .        b - +0 leather armour
rPois   .            (no helmet)
rElec   .            (no cloak)
rCorr   .            (no gloves)
SInv    .            e - +0 pair of boots
Will    .....        (no amulet)
Stlth   +            f - ring of wizardry
HPRegen 0.24/turn    (no ring)
MPRegen 0.11/turn

%: wizardry (x1)
@: no status effects
A: high MP 1, forlorn, divine attributes
a: no special abilities


You were on level 2 of the Dungeon.
You visited 1 branch of the dungeon, and saw 2 of its levels.

You collected 72 gold pieces.

Inventory:

Hand Weapons
 a - a +0 falchion (weapon)
Armour
 b - a +0 leather armour (worn)
 e - a +0 pair of boots (worn)
Jewellery
 f - a ring of wizardry (left hand)
Scrolls
 g - a scroll of amnesia {unknown}
 h - a scroll of revelation {unknown}
 j - a scroll of enchant weapon {unknown}
 k - a scroll of blinking {unknown}
 l - a scroll of butterflies {unknown}
Potions
 c - a potion of might {unknown}
 d - a potion of haste {unknown}
 i - a potion of brilliance {unknown}


   Skills:
 - Level 1.7 Fighting
 * Level 3.7 Long Blades
 - Level 1.7 Dodging
 - Level 1.7 Spellcasting
 + Level 3.2 Conjurations


You had 4 spell levels left.
You knew the following spells:

 Your Spells              Type           Power      Damage    Failure   Level
a - Kiss of Death         Conj/Necr      28%        2d7       4%          1

Your spell library contained the following spells:

 Spells                   Type           Power      Damage    Failure   Level
 Momentum Strike          Conj/Tloc      14%        3d8       7%          2
 Hailstorm                Conj/Ice       7%         3d4       14%         3


Dungeon Overview and Level Annotations

Branches:
Dungeon (2/15)


Innate Abilities, Weirdness & Mutations

You have an increased reservoir of magic. (+10% MP)
You shall have no god before yourself.
Your divine heritage dramatically boosts your attributes as you level up.


Message History

You barely miss Terence.
Terence is almost dead.
Terence closely misses you.
You hit Terence but do no damage.
Terence is almost dead.
Terence barely misses you. Terence hits you with a +0 hand axe.
You hit Terence but do no damage.
Terence is almost dead.
Terence hits you with a +0 hand axe.
* * * LOW HITPOINT WARNING * * *
You closely miss Terence.
Terence is almost dead.
Terence hits you but does no damage.
You hit Terence but do no damage.
Terence is almost dead.
Terence closely misses you.
You barely miss Terence.
Terence is almost dead.
Terence hits you with a +0 hand axe.
* * * LOW HITPOINT WARNING * * *
You hit Terence but do no damage.
Terence is almost dead.
Terence seems less drained.
Terence hits you with a +0 hand axe.
* * * LOW HITPOINT WARNING * * *
You hit Terence.
You kill Terence!
Your life force feels restored.
You have reached level 3!
Your experience leads to a dramatic increase in your attributes!
Increase (S)trength, (I)ntelligence, or (D)exterity?
You feel clever. x4
You start resting.
A goblin comes into view. It is wielding a +0 club.
The goblin shouts!
Things that are here:
a +0 hand axe; a +0 chain mail; a bat corpse The goblin shouts!
The goblin unwields a +0 dagger.
The goblin wields a +0 sling.
The goblin shoots a sling bullet.
The sling bullet hits you.
You die...

#...# ## ###
#...##.#
....####...#.#
#...<......g#
...........##
............#
....####.#.#.#
. #.).#....#
#@#####.##
#...# .# ###.#
# ... .....
#g..... ......
...... ###.##


You could see 2 goblins.

Vanquished Creatures
  Terence (D:2)
  3 ball pythons
  3 bats
  2 endoplasms (D:1)
  A giant cockroach (D:1)
  3 goblins (D:1)
  2 hobgoblins
  2 kobolds (D:1)
  A frilled lizard (D:1)
18 creatures vanquished.

Notes
Turn   | Place    | Note
-------+----------+-------------------------------------------
     0 | D:1      | Avanven the Demigod Reaver began the quest for the Orb.
     0 | D:1      | Reached XP level 1. HP: 17/17 MP: 5/5
   374 | D:1      | Reached XP level 2. HP: 24/24 MP: 7/7
  1155 | D:2      | Noticed Terence
  1187 | D:2      | Killed Terence
  1188 | D:2      | Reached XP level 3. HP: 3/29 MP: 8/8
  1192 | D:2      | Shot with a sling bullet by a goblin

Illustrated notes

Levels and vault maps discovered:
D:1:      lightli_arrival_chessboard, layout_loops_corners, serial_glass,
          glass_columns_b, glass_columns_a, basic_ecumenical_altar,
          chequers_serial_rivers_large_b, minmay_misc_feat_chi
D:2:      layout_loops_cross, uniq_terence

Skill      XL: |  1  2 |
---------------+-------+-----
Long Blades    | 3 |  3.7
Conjurations   | 3 |  3.2
Fighting       | |  1.7
Dodging        | |  1.7
Spellcasting   | |  1.7

Action                     || total
---------------------------++-------
  Melee: Falchion          ||    93
         Punch             ||     1
   Cast: Kiss of Death     ||     1
 Armour: Leather armour    ||    72
  Dodge: Dodged            ||    65

Table legend: (Time is in decaauts)
 A = Elapsed time spent in this place.
 B = Non-inter-level travel time spent in this place.
 C = Inter-level travel time spent in this place.
 D = Time resting spent in this place.
 E = Time spent auto-exploring this place.
 F = Levels seen in this place.
 G = Mean time per level.
                   A        B        C        D        E       F      G
               +--------+--------+--------+--------+--------+-----+--------+
         Total |   1234 |   1212 |     22 |      3 |   1018 |   2 |  617.0 |
       Dungeon |   1234 |   1212 |     22 |      3 |   1018 |   2 |  617.0 |
               +--------+--------+--------+--------+--------+-----+--------+

Top non-repeatable levels by time:
     D:1: 1041 daAuts
     D:2: 192 daAuts
